 Dungeon Crawl Stone Soup version 0.20.1-1-g8b1a95d (webtiles) character file.

211 slep the Sneak (level 5, -8/38 HPs)
             Began as a Vampire Assassin on Oct 24, 2017.
             Mangled by a gnoll
             ... wielding a +0 flail
              (9 damage)
             ... in the Ecumenical Temple.
             The game lasted 00:15:43 (2357 turns).

slep the Sneak (Vampire Assassin)                   Turns: 2357, Time: 00:15:44

Health: -8/38      AC:  4    Str: 11    XL:     5   Next: 57%
Magic:  5/5        EV: 12    Int: 13    God:    Xom [..*...]
Gold:   140        SH:  0    Dex: 16    Spells: 4/4 levels left

rFire    + . .     SeeInvis +   m - +2 short sword (drain)
rCold    + + .     Gourm    .   (no shield)
rNeg     + + +     Faith    .   k - -1 leather armour (curse)
rPois    ∞         Spirit   .   B - +0 helmet (curse)
rElec    .         Reflect  .   d - +0 cloak
rCorr    .         Harm     .   (no gloves)
MR       +....                  (no boots)
Stlth    ++++++....             (no amulet)
Regen    0.0/turn               y - ring of protection from fire
MPRegen  0.1/turn               s - ring of protection from magic

@: bloodless, non-regenerating
A: fangs 3, see invisible, unbreathing
a: Bat Form, Renounce Religion


You were in the Ecumenical Temple.
You worshipped Xom.
You were a toy of Xom.
You were bloodless.

You visited 2 branches of the dungeon, and saw 5 of its levels.

You collected 140 gold pieces.

Inventory:

Hand Weapons
 a - a +2 dagger
 b - a +0 blowgun
 m - a +2 short sword of draining (weapon)
Missiles
 e - 8 poisoned needles
 f - 2 curare-tipped needles
Armour
 c - a +0 robe
 d - a +0 cloak (worn)
 k - a cursed -1 leather armour (worn)
 B - a cursed +0 helmet (worn)
Jewellery
 j - an uncursed ring of protection from cold
 s - a ring of protection from magic (right hand)
 y - a ring of protection from fire (left hand)
Wands
 w - a wand of lightning (5/15)
Scrolls
 i - 2 scrolls of recharging {unknown}
 l - 2 scrolls of teleportation {unknown}
 n - 6 scrolls of identify {unknown}
 p - 4 scrolls of remove curse {unknown}
 r - a scroll of fear {unknown}
 u - 3 scrolls of blinking {unknown}
 v - a scroll of immolation {unknown}
Potions
 g - 25 potions of blood
 h - 2 potions of berserk rage
 o - a potion of invisibility {unknown}
 q - a potion of flight {unknown}
 t - a potion of haste {unknown}
 x - 2 potions of heal wounds {unknown}
 z - a potion of agility {unknown}
 A - a potion of lignification {unknown}


   Skills:
 + Level 2.2 Fighting
 + Level 3.8 Short Blades
 + Level 1.7 Throwing
 + Level 1.3 Armour
 + Level 2.3 Dodging
 + Level 7.7 Stealth


You had 4 spell levels left.
You didn't know any spells.

Dungeon Overview and Level Annotations

Branches:
Dungeon (4/15)             Temple (1/1) D:4

Altars:
Ashenzari
Cheibriados
Elyvilon
Fedhas
Gozag
Hepliaklqana
Kikubaaqudgha
Makhleb
Ru
Sif Muna
Xom
Yredelemnul
Zin
The Shining One

Shops:
D:3 *


Innate Abilities, Weirdness & Mutations

You do not heal naturally.
You are immune to poison.
You have razor-sharp teeth.
You have supernaturally acute eyesight. (SInv)
You can survive without breathing.


Message History

The gnoll barely misses you. The gnoll hits you with a halberd!
* * * LOW HITPOINT WARNING * * *
The gnoll hits you from afar with a halberd.
* * * LOW HITPOINT WARNING * * *
There is an open door here.
There is a staircase to the Ecumenical Temple here.
The gnoll hits you with a flail.
* * * LOW HITPOINT WARNING * * *
You climb downwards.
Welcome back to the Ecumenical Temple!
There is a staircase back to the Dungeon here.
You hit the gnoll but do no damage. The gnoll closely misses you.
You hit the gnoll. You drain the gnoll!
The gnoll is heavily wounded.
The gnoll closely misses you.
You closely miss the gnoll.
The gnoll is heavily wounded.
You closely miss the gnoll.
The gnoll is heavily wounded.
The gnoll hits you with a flail!
You die...

≈≈≈≈≈≈≈.....≈≈≈≈.≈≈≈≈.≈≈≈≈
≈≈≈≈≈≈≈.....≈≈≈.≈≈##≈≈.≈≈≈
≈≈≈≈≈≈≈..⌠..≈≈≈.≈####≈.≈≈≈
≈≈≈≈≈≈≈.....≈≈≈.≈≈##≈≈.≈≈≈
≈≈≈≈≈≈≈.....≈≈≈≈.≈≈≈≈.≈≈≈≈
≈≈≈≈≈≈≈.....≈≈≈≈≈.≈≈.≈≈≈≈≈
≈≈≈≈≈≈≈......≈≈≈≈.≈≈.≈≈≈≈.
≈≈≈≈≈≈≈...........≈≈......
≈≈≈≈≈≈≈..@.......≈≈≈≈.....
≈≈≈≈≈≈≈...g.......≈≈......
≈≈≈≈≈≈≈......≈≈≈≈.≈≈.≈≈≈≈.
≈≈≈≈≈≈≈.....≈≈≈≈≈.≈≈.≈≈≈≈≈
≈≈≈≈≈≈≈.....≈≈≈≈.≈≈≈≈.≈≈≈≈
≈≈≈≈≈≈≈.....≈≈≈.≈≈##≈≈.≈≈≈
≈≈≈≈≈≈≈..⌠..≈≈≈.≈####≈.≈≈≈
≈≈≈≈≈≈≈.....≈≈≈.≈≈##≈≈.≈≈≈
≈≈≈≈≈≈≈.....≈≈≈≈.≈≈≈≈.≈≈≈≈


You could see a gnoll.

Vanquished Creatures
  2 worker ants (D:4)
  6 adders
  A gnoll (D:4)
  A river rat (D:3)
  An ooze (D:4)
  2 worms
  2 dart slugs
  4 leopard geckos
  6 giant cockroaches
  11 hobgoblins
  11 kobolds
  A quokka (D:2)
  6 bats
  4 frilled lizards
  8 goblins
  10 rats
76 creatures vanquished.

Vanquished Creatures (others)
  A human (D:3)
1 creature vanquished.

Grand Total: 77 creatures vanquished

Notes
Turn   | Place    | Note
-------+----------+-------------------------------------------
     0 | D:1      | slep the Vampire Assassin began the quest for the Orb.
     0 | D:1      | Reached XP level 1. HP: 16/16 MP: 1/1
    46 | D:1      | Reached skill level 6 in Stealth
   121 | D:1      | Reached XP level 2. HP: 14/22 MP: 2/2
   442 | D:1      | Reached XP level 3. HP: 27/27 MP: 3/3
   753 | D:2      | Reached skill level 7 in Stealth
   772 | D:2      | Reached XP level 4. HP: 27/33 MP: 4/4
  1217 | D:3      | Found an ancient bone altar of Kikubaaqudgha.
  1217 | D:3      | Noticed a human
  1221 | D:3      | Killed a human
  1364 | D:3      | Found Zin's Purification Station.
  1365 | D:3      | Found a glowing silver altar of Zin.
  1679 | D:3      | Reached skill level 1 in Armour
  1869 | D:3      | Reached XP level 5. HP: 30/38 MP: 5/5
  2056 | D:4      | Found a staircase to the Ecumenical Temple.
  2090 | Temple   | Entered the Ecumenical Temple
  2164 | Temple   | Became a worshipper of The Xom-Meister, Xom-a-lom-a-ding-dong
  2352 | D:4      | HP: 1/38 [gnoll/flail (5)]
  2357 | Temple   | Mangled by a gnoll

Skill      XL: |  1  2  3  4 |
---------------+-------------+-----
Stealth        | 6 7 |  7.7
Fighting       | 2 |  2.2
Short Blades   | 3 |  3.8
Dodging        | 2 |  2.3
Armour         | 1 |  1.3
Throwing       | |  1.7

Action                   |  1- 3 |  4- 6 || total
-------------------------+-------+-------++-------
Melee: Dagger            |    39 |       ||    39
       Bite              |     5 |     3 ||     8
       Short sword       |    56 |    74 ||   130
  Use: Potion            |     1 |       ||     1
 Stab: Sleeping          |     7 |    13 ||    20
       Distracted        |     1 |       ||     1
Armor: Robe              |     3 |       ||     3
       Leather armour    |     8 |    12 ||    20
Dodge: Dodged            |    44 |    26 ||    70
